AoeStats
← NoFanMePlz

Arabia

510145063Analyzed
1v1 RM · 23h ago on Sep 29, 2026· 46m 31s· 2 players
Game mode
Random Map
Map size
Tiny (2 player)
Population
200
Speed
Normal
Resources
Standard
Victory
Conquest
Starting age
Dark Age
Ending age
Imperial Age
RankedLock teamsTeams togetherTeam positionsShared explorationLock speedFull tech treeHidden civsTurbo modeCheats
Victory
Defeat
🇬🇧 Bulgarians · United Kingdom
892
+15
🇦🇷 Mongols · Argentina
863
-15
officialtanzeel
4:19 Loom
11:39 Feudal Age
12:53 Double-Bit Axe
12:49 Horse Collar
20:02 Fletching
20:12 Padded Archer Armor
20:18 Scale Mail Armor
20:28 Forging
25:26 Castle Age
26:58 Bow Saw
26:50 Heavy Plow
26:47 Town Watch
27:37 Wheelbarrow
27:16 Gold Mining
27:40 Scale Barding Armor
28:10 Iron Casting
28:30 Bloodlines
29:18 Chain Barding Armor
28:59 Stone Mining
29:54 Husbandry
31:06 Hand Cart
32:50 Town Patrol
33:37 Chain Mail Armor
34:16 Bodkin Arrow
34:36 Leather Archer Armor
37:57 Imperial Age
36:07 Gambesons
35:47 Elite Skirmisher
38:08 Thumb Ring
39:24 Heavy Cavalry Archer
40:29 Parthian Tactics
43:43 Bracer
44:19 Plate Barding Armor
44:44 Blast Furnace
44:41 Elite Konnik
45:42 Conscription
NoFanMePlz
10:51 Feudal Age
11:42 Horse Collar
11:48 Double-Bit Axe
11:59 Man-at-Arms
16:33 Gold Mining
21:22 Castle Age
19:35 Stone Mining
19:59 Fletching
20:22 Loom
30:16 Scale Barding Armor
32:25 Padded Archer Armor
36:02 Bow Saw
35:54 Heavy Plow
36:42 Gold Shaft Mining
37:26 Wheelbarrow
37:12 Husbandry
37:23 Bloodlines
37:56 Ballistics
45:42 Imperial Age
44:10 Chain Barding Armor
Connection lost

Rejoining the realm…

Still unreachable

The connection could not be restored.

Session expired

The server has moved on; the page needs a fresh start.